Map: Thunderbird LE

Players

GetMeOut

  • Race: Protoss Protoss
  • League: Master
  • Spawn Location: 5:00

Knuf - Winner!

  • Race: Protoss Protoss
  • League: Master
  • Spawn Location: 11:00

Event: NationWars 2019

VOD

Have the link to the VOD?

Description

Time

  • Played on: Sept. 30, 2019, 12:02 p.m.
  • Length: 11:09
Show
View Real Time Build Order
Export as new Build Order

GetMeOut Protoss 

Build Orders: Blink Stalkers, Zealot Archon 

Get SALT Encoding   

  12  0:01  Probe  
  13  0:13  Probe  
  14  0:17  Pylon  
  14  0:25  Probe (Chrono Boost)  
  15  0:35  Gateway  
  15  0:37  Probe (Chrono Boost)  
  16  0:46  Probe (Chrono Boost), Assimilator  
  17  0:51  Probe  
  18  1:03  Probe (Chrono Boost), Assimilator  
  19  1:12  Gateway  
  19  1:13  Probe (Chrono Boost)  
  19  1:18  Probe (Chrono Boost)  
  21  1:26  Cybernetics Core  
  21  1:30  Probe  
  22  1:37  Pylon  
  22  1:42  Probe  
  23  1:55  Probe  
  24  2:02  Stalker, Sentry  
  24  2:06  Pylon, Warp Gate (Chrono Boost)  
  28  2:11  Probe  
  29  2:17  Pylon  
  29  2:23  Probe  
  30  2:35  Probe  
  31  2:39  Twilight Council  
  31  2:44  Stalker  
  31  2:47  Stalker  
  34  2:54  Probe  
  35  3:06  Shield Battery  
  35  3:12  Pylon, Probe  
  36  3:32  Blink (Chrono Boost)  
  35  3:36  Nexus  
  33  3:43  Probe  
  34  3:49  Sentry  
  34  3:51  Stalker  
  34  3:55  Probe  
  39  4:05  Forge  
  39  4:07  Probe  
  40  4:20  Probe  
  41  4:31  Gateway  
  41  4:32  Probe  
  41  4:37  Stalker  
  44  4:41  Stalker  
  44  4:43  Protoss Ground Weapons Level 1 (Chrono Boost)  
  46  4:51  Probe  
  47  5:01  Probe  
  47  5:03  Probe  
  47  5:06  Stalker  
  51  5:13  Charge (Chrono Boost), Probe  
  52  5:15  Probe  
  52  5:17  Gateway  
  52  5:25  Probe  
  52  5:27  Probe  
  51  5:37  Probe  
  51  5:39  Probe  
  53  5:47  Nexus  
  53  5:49  Probe  
  54  5:51  Probe  
  54  5:56  Gateway  
  55  6:00  Gateway  
  55  6:01  Probe  
  56  6:06  Pylon  
  56  6:09  Probe  
  57  6:14  Probe  
  57  6:16  Gateway  
  58  6:20  Assimilator  
  58  6:23  Templar Archives  
  58  6:24  Probe  
  59  6:26  Probe  
  60  6:34  Pylon  
  60  6:39  Probe  
  62  6:40  Probe  
  62  6:42  Robotics Facility  
  62  6:52  Probe x2  
  62  6:53  Stalker  
  62  6:54  Stalker x2  
  70  7:02  Probe  
  70  7:04  Probe x2  
  70  7:05  Gateway  
  62  7:15  Probe (Chrono Boost)  
  62  7:16  Probe (Chrono Boost)  
  62  7:19  Probe (Chrono Boost)  
  64  7:27  Probe (Chrono Boost)  
  64  7:28  Probe x2 (Chrono Boost), High Templar x2  
  71  7:31  Probe (Chrono Boost)  
  71  7:33  Probe x2 (Chrono Boost), Archon  
  71  7:35  Shield Battery  
  71  7:36  Shield Battery  
  74  7:45  Probe  
  74  7:46  Probe x2  
  81  7:53  High Templar x2, Zealot  
  87  8:00  Archon  
  87  8:02  Warp Prism (Chrono Boost)  
  87  8:03  Protoss Ground Weapons Level 2 (Chrono Boost)  
  85  8:14  Zealot  
  85  8:15  Zealot x3  
  93  8:20  Pylon  
  93  8:22  Pylon  
  93  8:24  Pylon  
  93  8:28  Gateway  
  93  8:29  Gateway  
  92  8:41  Stalker x4  
  100  8:58  Pylon  
  100  8:59  Warp Prism (Chrono Boost)  
  100  9:00  Pylon  
  100  9:01  Zealot  
  100  9:02  Zealot x3  
  108  9:09  High Templar x2, Zealot  
  114  9:10  Zealot  
  114  9:14  Pylon  
  114  9:16  Archon  
  114  9:17  Pylon  
  113  9:24  Stalker x2  
  113  9:25  Stalker x2  
  120  9:31  Probe  
  120  9:32  Probe x2  
  109  9:46  Zealot x5  
  109  9:50  Zealot  
  121  9:58  Zealot x3  
  121  9:59  Zealot  
  119  10:14  Zealot x5  
  93  10:16  High Templar  
  93  10:19  Zealot x2  
  93  10:20  High Templar  
  107  10:25  Archon  
  107  10:28  Stalker  
  85  10:44  Zealot x4  
  85  10:45  Zealot x3  
  86  10:52  Zealot x2  
Show
View Real Time Build Order
Export as new Build Order

Knuf Protoss - Winner!

Build Orders: Oracle Opening, Archon Immortal 

Get SALT Encoding   

  12  0:01  Probe  
  13  0:13  Probe  
  14  0:18  Pylon  
  14  0:25  Probe (Chrono Boost)  
  15  0:37  Probe (Chrono Boost)  
  15  0:39  Gateway  
  16  0:45  Probe (Chrono Boost)  
  16  0:46  Assimilator  
  17  0:51  Probe  
  17  0:55  Assimilator  
  18  1:03  Probe (Chrono Boost)  
  19  1:09  Gateway  
  19  1:13  Probe (Chrono Boost)  
  19  1:18  Probe (Chrono Boost)  
  21  1:30  Probe  
  21  1:32  Cybernetics Core  
  22  1:38  Pylon  
  22  1:42  Probe  
  23  1:56  Probe  
  24  2:11  Adept x2, Warp Gate  
  24  2:14  Pylon  
  28  2:20  Stargate  
  28  2:24  Pylon  
  28  2:42  Stalker x2  
  32  2:55  Probe  
  33  3:01  Oracle (Chrono Boost)  
  36  3:20  Nexus  
  36  3:33  Pylon  
  34  3:42  Oracle  
  35  3:49  Probe  
  35  3:52  Robotics Facility  
  36  4:01  Probe  
  37  4:12  Sentry, Forge  
  37  4:14  Probe  
  40  4:26  Probe  
  40  4:27  Assimilator  
  41  4:34  Probe  
  41  4:37  Immortal (Chrono Boost)  
  47  4:45  Probe  
  47  4:46  Probe  
  48  4:53  Pylon  
  48  4:58  Probe x2  
  48  4:59  Protoss Ground Weapons Level 1 (Chrono Boost)  
  54  5:07  Immortal (Chrono Boost)  
  54  5:10  Probe x2  
  56  5:17  Assimilator  
  56  5:22  Probe x2  
  55  5:34  Probe x2  
  57  5:36  Immortal (Chrono Boost)  
  57  5:37  Oracle (Chrono Boost)  
  64  5:46  Probe x2  
  66  5:53  Pylon  
  66  5:56  Pylon  
  66  5:58  Probe  
  66  5:59  Probe  
  68  6:10  Warp Prism (Chrono Boost)  
  68  6:11  Twilight Council  
  68  6:16  Probe  
  71  6:26  Nexus  
  71  6:28  Pylon  
  71  6:32  Sentry  
  73  6:37  Observer, Gateway  
  74  6:40  Probe x2  
  76  6:48  Charge  
  76  6:53  Templar Archives  
  76  6:55  Gateway  
  76  6:57  Protoss Ground Weapons Level 2 (Chrono Boost), Gateway  
  76  7:11  Immortal  
  80  7:19  Probe  
  80  7:20  Probe  
  82  7:24  Pylon  
  82  7:31  Probe  
  82  7:32  Probe  
  82  7:35  Gateway  
  82  7:36  High Templar x2, Gateway  
  88  7:37  Zealot  
  88  7:39  Pylon  
  88  7:41  Archon  
  90  7:48  Immortal (Chrono Boost)  
  90  7:51  Probe x3  
  97  8:09  Probe x3  
  97  8:11  Assimilator  
  100  8:15  Assimilator  
  100  8:16  Gateway x2  
  100  8:20  High Templar x2, Gateway  
  100  8:21  Zealot  
  100  8:22  Gateway, Zealot  
  100  8:27  Archon  
  108  8:28  Gateway  
  108  8:29  Probe x3  
  111  8:46  Probe x2  
  113  9:02  Nexus  
  113  9:03  Pylon, High Templar x4, Zealot  
  113  9:04  Zealot  
  113  9:07  Pylon  
  113  9:08  Archon x2  
  113  9:09  Pylon x2  
  125  9:25  Zealot  
  125  9:26  Zealot x3  
  125  9:29  High Templar x2  
  125  9:30  Zealot x2  
  141  9:37  Pylon, Photon Cannon  
  141  9:40  Photon Cannon  
  141  9:41  Photon Cannon  
  141  9:43  Archon  
  133  10:00  High Templar x2  
  133  10:01  High Templar  
  133  10:05  Archon  
  133  10:06  Zealot  
  135  10:07  Zealot x8  
  149  10:24  High Templar  
  149  10:26  High Templar x2  
  149  10:27  Zealot x3  
  149  10:28  Zealot x2  
  165  10:32  Archon x2  
  165  10:41  Zealot x4  
  164  10:44  Observer (Chrono Boost)  
  164  10:47  Photon Cannon  
Tags
 
Add a new tag
Caveats
  • Supply blocks, unpowered buildings, or Contaminate may cause inaccurate times.
  • Supply counts are checked every 10 seconds.